 Dungeon Crawl Stone Soup version 0.28.0-43-g3370ac3207 (webtiles) character file.

Game seed: 4509510081919272407

2634 nickcage the Frost Mage (level 9, -1/45 HPs)
             Began as a Gargoyle Ice Elementalist on Mar 10, 2022.
             Was a Follower of Vehumet.
             Shot with an arrow by a centaur (6 damage)
             ... on level 9 of the Dungeon.
             The game lasted 00:30:49 (7869 turns).

nickcage the Frost Mage (Gargoyle Ice Elementalist) Turns: 7869, Time: 00:30:49

Health: -1/45      AC:  8    Str: 12    XL:     9   Next: 61%
Magic:  5/18       EV: 11    Int: 26    God:    Vehumet [*.....]
Gold:   228        SH:  0    Dex: 10    Spells: 9/20 levels left

rFire   . . .      SeeInvis .   t - +2 whip (flame)
rCold   . . .      Faith    .   (no shield)
rNeg    + . .      Spirit   .   a - +0 robe
rPois   ∞          Reflect  .   (no helmet)
rElec   +          Harm     .   (no cloak)
rCorr   .          Rampage  .   (no gloves)
Will    .....                   (no boots)
Stlth   ++........              (no amulet)
HPRegen 0.15/turn               n - ring of wizardry
MPRegen 0.16/turn               x - +6 ring of intelligence

@: no status effects
A: sickness immunity, AC +6, negative energy resistance 1, electricity
resistance, torment resistance 1, petrification resistance
a: Renounce Religion


You were on level 9 of the Dungeon.
You worshipped Vehumet.
Vehumet was aware of your devotion.
You visited 2 branches of the dungeon, and saw 9 of its levels.

You collected 228 gold pieces.

Inventory:

Hand Weapons
 b - a +0 whip
 c - a +0 dagger
 j - a +2 dagger of venom
 t - a +2 whip of flaming (weapon)
Missiles
 p - 2 poisoned darts (quivered)
Armour
 a - a +0 robe (worn)
Magical Staves
 u - a staff of earth
Jewellery
 n - a ring of wizardry (left hand)
 w - a +6 ring of dexterity
 x - a +6 ring of intelligence (right hand)
Wands
 v - a wand of iceblast (7)
Scrolls
 d - a scroll of acquirement {unknown}
 i - a scroll of teleportation
 l - 4 scrolls of enchant weapon
 m - 2 scrolls of identify
 q - 3 scrolls of noise {unknown}
 r - a scroll of enchant armour {unknown}
 s - 2 scrolls of fear {unknown}
 y - a scroll of summoning {unknown}
 A - a scroll of blinking
Potions
 e - 4 potions of brilliance
 f - 3 potions of curing
 g - a potion of ambrosia {unknown}
 h - a potion of heal wounds {unknown}
 k - 2 potions of mutation
 o - 2 potions of flight
 z - a potion of degeneration {unknown}


   Skills:
 - Level 0.1 Throwing
 - Level 1.5 Dodging
 - Level 2.1 Stealth
 - Level 6.2 Spellcasting
 * Level 5.3 Conjurations
 + Level 10.6 Ice Magic


You had 9 spell levels left.
You knew the following spells:

 Your Spells              Type           Power      Damage    Failure   Level
a - Freeze                Ice            100%       1d11      1%          1
b - Frozen Ramparts       Ice            100%       1d12      1%          3
c - Ozocubu's Armour      Ice            59%        N/A       1%          3
d - Hailstorm             Conj/Ice       49%        3d11      1%          4

Your spell library contained the following spells:

 Spells                   Type           Power      Damage    Failure   Level
 Sandblast                Erth           16%        2d6       2%          1
 Irradiate                Conj/Tmut      11%        3d17      26%         5
 Blade Hands              Tmut           4%         N/A       56%         5
 Dragon Form              Tmut           4%         N/A       100%        7


Dungeon Overview and Level Annotations

Branches:
Dungeon (7/15)             Temple (1/1) D:5

Altars:
Ashenzari
Cheibriados
Fedhas
Gozag
Hepliaklqana
Kikubaaqudgha
Makhleb
Nemelex Xobeh
Okawaru
Qazlal
Sif Muna
Trog
Vehumet
Wu Jian
Yredelemnul
The Shining One

Shops:
D:4 *   D:5 (


Innate Abilities, Weirdness & Mutations

You are immune to sickness and miasma.
Your stone body is resilient. (AC +6)
You are immune to poison.
You resist negative energy. (rN+)
You are resistant to electric shocks. (rElec)
You are resistant to unholy torment.
You are immune to petrification.


Message History

The arrow hits you!
The orc moves out of view.
The orc wizard shouts!
You hear a shout! x2
An orc wizard comes into view. It is wielding a +0 dagger.
As you read the scroll of teleportation, it crumbles to dust.
You feel strangely unstable.
The yak bellows! x2
The centaur shoots an arrow.
The arrow misses you.
The arrow completely misses the orc wizard.
Found 19 arrows.
The yak bellows!
The centaur shoots an arrow.
The arrow misses you.
The centaur shoots an arrow.
The arrow hits you.
The orc wizard hits you but does no damage.
Casting: Hailstorm (dangerous; 1% risk of failure)
Confirm with . or Enter, or press ? or * to list all spells.
A film of ice covers your body!
The orc shouts!
You hear a shout!
A centaur comes into view.
The orc wizard hits you but does no damage.
You hit the orc wizard. You burn the orc wizard.
The orc wizard is heavily wounded.
Your surroundings seem slightly different.
Your icy armour cracks and falls away as you move. 2 orcs come into view.
Found a mace, a rapier and a potion of resistance.
The orc shouts!
The orc wizard hits you with a +0 dagger.
The orc hits you with a +0 flail.
* * * LOW HITPOINT WARNING * * *
The centaur wields a +0 shortbow.
The centaur shoots an arrow.
The arrow barely misses you.
The arrow barely misses the orc wizard.
The centaur shoots an arrow.
The arrow hits you!
* * * LOW HITPOINT WARNING * * *
The centaur closely misses you.
The centaur kicks you but does no damage.
The centaur hits you but does no damage.
The centaur completely misses you.
The centaur wields a +0 shortbow.
The centaur shoots an arrow.
The arrow hits you.
You die...

###### ##..!. ###...#
## ##....##..##
#..c.....)..
#..oco##).#
##.##o..####...
###+###.o###.@......#
#.....Y§.# #+########
#......c.# #...YY...#
#...Y..c.# #........#
#........# #........#
###..(..##


You could see 2 centaurs, an orc wizard and 2 orcs.

Vanquished Creatures
  Pikel (D:6)
  Maggie (D:6)
  A water moccasin (D:7)
  Duvessa (D:6)
  A sky beast (D:4)
  A centaur (D:6)
  2 lemures (D:6)
  A phantom (D:6)
  A water moccasin zombie (D:6)
  Dowan (D:6)
  12 killer bees
  A centaur zombie (D:5)
  2 hounds
  A gnoll shaman (D:7)
  A jelly (D:5)
  A bullfrog zombie (D:3)
  2 orc priests (D:7)
  A centaur skeleton (D:6)
  3 iguanas
  A bullfrog skeleton (D:6)
  Natasha (twice) (D:4)
  5 orc wizards
  12 gnolls
  2 howler monkey skeletons
  5 adders
  A white imp (D:7)
  An ufetubus (D:3)
  A worm (D:5)
  A dart slug (D:1)
  11 orcs
  6 ball pythons
  4 bats
  9 endoplasms
  2 giant cockroaches (D:1)
  8 goblins
  5 hobgoblins
  4 jackals (D:1)
  2 quokkas
  6 frilled lizards (D:1)
  7 kobolds
  10 rats
140 creatures vanquished.

Vanquished Creatures (others)
  3 plants (D:3)
3 creatures vanquished.

Grand Total: 143 creatures vanquished

Notes
Turn   | Place    | Note
-------+----------+-------------------------------------------
     0 | D:1      | nickcage the Gargoyle Ice Elementalist began the quest for
                  | the Orb.
     0 | D:1      | Reached XP level 1. HP: 10/10 MP: 3/3
   185 | D:1      | Reached XP level 2. HP: 14/15 MP: 3/5
   796 | D:1      | Reached XP level 3. HP: 16/19 MP: 2/6
   800 | D:1      | Learned a level 3 spell: Frozen Ramparts
   860 | D:1      | Found a faded altar of an unknown god.
  1046 | D:1      | Reached skill level 5 in Ice Magic
  2079 | D:2      | Reached XP level 4. HP: 23/24 MP: 3/7
  2083 | D:2      | Learned a level 3 spell: Ozocubu's Armour
  2916 | D:3      | Reached skill level 6 in Ice Magic
  2916 | D:3      | Reached XP level 5. HP: 14/28 MP: 0/8
  3495 | D:4      | Noticed a sky beast
  3880 | D:4      | Reached XP level 6. HP: 29/32 MP: 10/10
  3927 | D:4      | Found a stormy altar of Qazlal.
  3927 | D:4      | Found a burning altar of Makhleb.
  4009 | D:4      | Killed a sky beast
  4113 | D:4      | Noticed Natasha
  4120 | D:4      | Killed Natasha
  4234 | D:4      | Noticed Natasha
  4240 | D:4      | Killed Natasha
  4241 | D:4      | Reached skill level 7 in Ice Magic
  4272 | D:4      | Found Pehenou's Assorted Antiques.
  4445 | D:5      | Entered Level 5 of the Dungeon
  4515 | D:5      | Reached XP level 7. HP: 36/36 MP: 5/12
  4869 | D:5      | Found a staircase to the Ecumenical Temple.
  4889 | D:5      | Reached skill level 5 in Spellcasting
  5051 | Temple   | Entered the Ecumenical Temple
  5090 | Temple   | Became a worshipper of Vehumet
  5326 | D:5      | Learned a level 4 spell: Hailstorm
  5419 | D:5      | Reached skill level 8 in Ice Magic
  5419 | D:5      | Reached XP level 8. HP: 41/41 MP: 12/15
  5621 | D:5      | Found Qikacwir's Weapon Shop.
  5774 | D:6      | Reached skill level 1 in Conjurations
  5975 | D:6      | Found a blossoming altar of Fedhas.
  6174 | D:6      | Noticed Maggie
  6187 | D:6      | Killed Maggie
  6337 | D:6      | Noticed Pikel
  6349 | D:6      | Killed Pikel
  6350 | D:6      | Reached skill level 9 in Ice Magic
  6350 | D:6      | Reached XP level 9. HP: 30/45 MP: 9/18
  6805 | D:6      | Noticed Duvessa
  6807 | D:6      | Noticed Dowan
  6813 | D:6      | Killed Duvessa
  6816 | D:6      | Killed Dowan
  7461 | D:7      | Reached skill level 10 in Ice Magic
  7527 | D:7      | Found an ancient bone altar of Kikubaaqudgha.
  7572 | D:7      | Reached skill level 5 in Conjurations
  7832 | D:7      | Reached * piety under Vehumet
  7832 | D:7      | Offered knowledge of Sandblast by Vehumet.
  7857 | D:7      | You fall into a shaft and drop 2 floors!
  7857 | D:9      | Noticed a two-headed ogre
  7869 | D:9      | Shot with an arrow by a centaur

Illustrated notes

Levels and vault maps discovered:
D:1:      dpeg_arrival_central, layout_basic,
          hellmonk_ecumenical_altar_arch_garden, minmay_circled_x
D:2:      layout_basic, minmay_tromino_v4_c
D:3:      cheibrodos_old_hovel, layout_basic
D:4:      layout_basic, gammafunk_temple_overflow_pools, serial_shops, shop,
          uniq_natasha
D:5:      layout_loops_ring, minmay_temple_entry_large_hall, serial_shops,
          kennysheep_mini
D:6:      layout_loops_ring, kennysheep_mini_moat, minmay_misc_feat_x,
          uniq_pikel, uniq_maggie, uniq_duvessa
D:7:      minmay_polygon_palace, layout_loops_cross,
          nicolae_overflow_crystal_walls, minitemple
D:9:      layout_basic, david_orc_1_choice, gammafunk_ghost_nasty_kobolds,
          uniq_maurice
Temple:   nicolae_temple_god_jail

Skill      XL: |  1  2  3  4  5  6  7  8  9 |
---------------+----------------------------+-----
Ice Magic      | 5 6 7 8 9 10 | 10.6
Spellcasting   | 3 5 6 |  6.2
Conjurations   | 4 5 |  5.3
Throwing       | |  0.1
Dodging        | |  1.5
Stealth        | |  2.1

Action                   |  1- 3 |  4- 6 |  7- 9 || total
-------------------------+-------+-------+-------++-------
Melee: Whip              |    35 |       |    43 ||    78
       Dagger            |    16 |    80 |    87 ||   183
       Punch             |       |     1 |     3 ||     4
Throw: Dart              |       |    19 |    23 ||    42
 Cast: Freeze            |    43 |     5 |    18 ||    66
       Frozen Ramparts   |     2 |    14 |    20 ||    36
       Ozocubu's Armour  |       |     5 |    13 ||    18
       Hailstorm         |       |       |     9 ||     9
  Use: Scroll            |       |     8 |     2 ||    10
 Stab: Sleeping          |     6 |     1 |     1 ||     8
Armor: Robe              |    34 |    34 |    88 ||   156
Dodge: Dodged            |    62 |    49 |    84 ||   195
